[Event "Team 45 45 League T64"]
[Site "Internet Chess Club"]
[Date "2015.04.12"]
[Round "6"]
[White "Goli"]
[Black "Tobiasdelmonte"]
[Result "1-0"]
[WhiteElo "1775"]
[BlackElo "1788"]
[Opening "Alekhine's defense"]
[ECO "B02"]
[Time "15:30:36"]
[TimeControl "2700+45"]

1. e4 Nf6 2. e5 Nd5 3. Nf3 d6 4. h3 dxe5 5. Nxe5 c6 6. Bc4 Be6 7. O-O g6 8. Bxd5
cxd5 9. d4 Bg7 10. c3 O-O 11. Bf4 Nd7 12. Nf3 b5 13. Na3 a6 14. Nc2 Nb6 15. Ne3
Nc4 16. Qc1 Rc8 17. Ng5 Bf5 18. Nxf5 gxf5 19. Nf3 Qb6 20. Re1 Rfe8 21. Re2 b4
22. Qe1 bxc3 23. bxc3 Qa7 24. Rb1 Na3 25. Rb3 Nb5 26. a4 Nc7 27. Rxe7 Bf8 28.
Rxe8 Rxe8 29. Qb1 Re4 30. Rb7 Qa8 31. Bxc7 Qc8 32. Ba5 Qe6 33. Rb8 Kg7 34. Bb4
Bxb4 35. Rxb4 Qc6 36. Ng5 Re7 37. Qxf5 Re1+ 38. Kh2 Qc7+ 39. g3 h6 40. Qh7+ Kf8
41. Qxh6+ Ke7 42. Nf3 Re2 43. Kg2 a5 44. Rb6 Qxc3 45. Rb7+ Kd8 46. Qf8+ Re8 47.
Qd6+ {Black resigns} 1-0

[Event "Team 45 45 League T64"]
[Site "Internet Chess Club"]
[Date "2015.04.12"]
[Round "6"]
[White "Greedy-Reedy"]
[Black "TerryMalloy"]
[Result "0-1"]
[WhiteElo "1911"]
[BlackElo "1984"]
[Opening "English: four knights, kingside fianchetto"]
[ECO "A29"]
[Time "12:03:01"]
[TimeControl "2700+45"]

1. c4 Nf6 2. Nc3 e5 3. Nf3 Nc6 4. g3 d5 5. cxd5 Nxd5 6. Bg2 Be6 7. O-O Be7 8. d4
Nxc3 9. bxc3 exd4 10. Nxd4 Nxd4 11. cxd4 c6 12. Rb1 Qd7 13. Qc2 O-O 14. Bf4 Rfd8
15. Rfd1 Rac8 16. Qb2 b6 17. Rbc1 c5 18. d5 Bf6 19. Qa3 Bg4 20. f3 Bf5 21. e4
Bd4+ 22. Be3 Bxe3+ 23. Qxe3 Bh3 24. Qa3 Bxg2 25. Kxg2 c4 26. d6 Rc5 27. Rd4 Rdc8
28. Qc3 b5 29. f4 Rb8 30. a3 f6 31. Re1 Re8 32. Kg1 Re6 33. Red1 Rc6 34. e5 fxe5
35. fxe5 Rxe5 36. Rxc4 bxc4 37. Qxe5 c3 38. Qd5+ Kh8 39. Qxc6 Qxc6 40. d7 Qb6+
41. Kf1 Qd8 42. Rc1 Qxd7 43. Rxc3 Qd1+ {White resigns} 0-1

[Event "Team 45 45 League T64"]
[Site "Internet Chess Club"]
[Date "2015.04.09"]
[Round "6"]
[White "CaptK"]
[Black "sharky123"]
[Result "1-0"]
[WhiteElo "1808"]
[BlackElo "1829"]
[Opening "QGD Slav: 4.e3 Bf5"]
[ECO "D12"]
[Time "20:00:47"]
[TimeControl "2700+45"]

1. d4 d5 2. Nf3 Nf6 3. c4 c6 4. e3 Bf5 5. Nc3 a6 6. Qb3 Ra7 7. Be2 h6 8. O-O e6
9. Na4 Nbd7 10. c5 Be7 11. Bd2 O-O 12. Rfc1 Qc7 13. Nb6 Rb8 14. Ba5 Bd8 15. a4
Kf8 16. Qa3 Kg8 17. b4 Kh8 18. Nc4 b6 19. cxb6 Nxb6 20. Nxb6 Rxb6 21. Ne5 Qb7
22. Bxb6 Bxb6 23. Rxc6 Ra8 24. Rac1 Kg8 25. a5 Bd8 26. Qa4 Nd7 27. Nxd7 Qxd7 28.
Qa3 Qb7 29. Qc3 Kf8 30. Rc8 Rxc8 31. Qxc8 Qe7 32. Bxa6 Ke8 33. Bb5+ Kf8 34. a6
{Black resigns} 1-0

[Event "Team 45 45 League T64"]
[Site "Internet Chess Club"]
[Date "2015.04.09"]
[Round "6"]
[White "Holzschlange"]
[Black "clarinetref"]
[Result "1-0"]
[WhiteElo "1825"]
[BlackElo "1572"]
[Opening "English: symmetrical variation"]
[ECO "A38"]
[Time "21:05:47"]
[TimeControl "2700+45"]

1. Nf3 Nf6 2. g3 g6 3. Bg2 Bg7 4. c4 c5 5. Nc3 Nc6 6. d4 cxd4 7. Nxd4 O-O 8. O-O
a6 9. c5 e5 10. Nb3 Qe7 11. Bg5 h6 12. Nd5 Qd8 13. Bxf6 Bxf6 14. Nd2 Bg7 15. Nc4
Nd4 16. Ndb6 Rb8 17. Nd6 Qc7 18. Rc1 Nc6 19. Nbxc8 Rfxc8 20. Nxc8 Rxc8 21. Qd2
Rd8 22. Rfd1 Kh7 23. e3 Bf6 24. a3 Na5 25. Qd5 Kg7 26. b4 Nc6 27. Bh3 Ne7 28.
Qd6 Qxd6 29. Rxd6 Nf5 30. Rb6 d6 31. Bxf5 gxf5 32. cxd6 f4 33. gxf4 exf4 34. Rd1
fxe3 35. fxe3 Rd7 36. Kf2 Bd8 37. Rxb7 Rxb7 38. Kf3 Rd7 39. Ke4 Kf6 40. Kd5 a5
41. Rf1+ Kg6 42. Kc6 Ra7 43. b5 f6 44. Rb1 Kf5 45. b6 Bxb6 46. Kxb6 Rd7 47. Kc6
Ke6 48. Rd1 f5 49. a4 h5 50. h4 Ra7 51. d7 Ra6+ 52. Kb7 Rd6 {Black resigns} 1-0

[Event "Team 45 45 League T64"]
[Site "Internet Chess Club"]
[Date "2015.04.11"]
[Round "6"]
[White "ForkNPin"]
[Black "Signalman"]
[Result "1/2-1/2"]
[WhiteElo "1698"]
[BlackElo "1790"]
[Opening "French: Paulsen variation"]
[ECO "C10"]
[Time "09:55:31"]
[TimeControl "2700+45"]

1. e4 e6 2. d4 d5 3. Nc3 Be7 4. Nf3 b6 5. Bb5+ Bd7 6. Bd3 Nc6 7. exd5 exd5 8.
Nxd5 Nf6 9. Nxe7 Qxe7+ 10. Qe2 Nb4 11. Be3 O-O 12. O-O Bg4 13. Bg5 Qxe2 14. Bxe2
Nxc2 15. Rac1 Bxf3 16. Bxf3 Nxd4 17. Bxa8 Ne2+ 18. Kh1 Nxc1 19. Rxc1 Rxa8 20.
Bxf6 {Game drawn by mutual agreement} 1/2-1/2

[Event "Team 45 45 League T64"]
[Site "Internet Chess Club"]
[Date "2015.04.13"]
[Round "6"]
[White "bondguy01"]
[Black "KnightOfLight"]
[Result "1-0"]
[WhiteElo "1816"]
[BlackElo "1788"]
[Opening "English: Neo-Catalan"]
[ECO "A13"]
[Time "19:00:19"]
[TimeControl "2700+45"]

1. Nf3 d5 2. c4 e6 3. g3 Nf6 4. Bg2 Nc6 5. d4 Be7 6. O-O O-O 7. cxd5 exd5 8. Nc3
h6 9. a3 b6 10. Bf4 Bd6 11. Bxd6 Qxd6 12. Rc1 a6 13. Qc2 Bb7 14. b4 Rfe8 15. e3
Ne4 16. Nd2 Nxd2 17. Qxd2 Na7 18. Qa2 Red8 19. Rc2 Nb5 20. Rfc1 Nxc3 21. Rxc3 c6
22. Qb2 b5 23. Rc5 a5 24. Ra1 axb4 25. axb4 Rxa1+ 26. Qxa1 Ra8 27. Qb2 Ra5
{Black resigns} 1-0

[Event "Team 45 45 League T64"]
[Site "Internet Chess Club"]
[Date "2015.04.13"]
[Round "6"]
[White "Lrn2Mate"]
[Black "Chess-Boy"]
[Result "1-0"]
[WhiteElo "1645"]
[BlackElo "1622"]
[Opening "Benkö gambit half accepted"]
[ECO "A57"]
[Time "22:00:36"]
[TimeControl "2700+45"]

1. d4 Nf6 2. c4 c5 3. d5 b5 4. cxb5 a6 5. b6 g6 6. Nf3 Qxb6 7. Nc3 Bg7 8. e4 d6
9. Be2 O-O 10. O-O Nbd7 11. Nd2 Ne5 12. Kh1 Bd7 13. f4 Neg4 14. Nc4 Qc7 15. h3
Nh6 16. g4 Ne8 17. g5 Bxh3 18. Rf3 Ng4 19. Qg1 Bd4 20. Qg3 Bf2 21. Qxh3 {Black
resigns} 1-0

[Event "Team 45 45 League T64"]
[Site "Internet Chess Club"]
[Date "2015.04.12"]
[Round "6"]
[White "Chess4Him"]
[Black "tryanything"]
[Result "0-1"]
[WhiteElo "1523"]
[BlackElo "1582"]
[Opening "Queen's pawn: London system"]
[ECO "A45"]
[Time "18:02:10"]
[TimeControl "2700+45"]

1. d4 Nf6 2. Bf4 g6 3. e3 Bg7 4. Nf3 O-O 5. Be2 d6 6. O-O c5 7. c3 Nbd7 8. h3 a6
9. Nbd2 b5 10. a4 b4 11. Qc2 a5 12. Nb3 Qb6 13. Rfd1 Ba6 14. Bxa6 Rxa6 15. dxc5
dxc5 16. cxb4 cxb4 17. Nfd4 e5 18. Bg3 exd4 19. Nxd4 Qb7 20. Rac1 Raa8 21. Nb5
Rfc8 22. Qd3 Rxc1 23. Rxc1 Qe4 24. Qb3 Qd5 25. Qc2 Qf5 26. Qc6 Qe4 27. Qc7 Nf8
28. Nd6 Qe6 29. Qb7 Rd8 30. Qc7 Rxd6 31. Bxd6 Ne8 32. Qxa5 Qxd6 33. Qb5 Qd2 34.
Rc4 Nd6 35. Qxb4 Nxc4 36. Qxc4 Bxb2 37. Qb5 Bc3 38. g3 Ne6 39. Kg2 Qd8 40. h4
Qa5 41. Qb8+ Kg7 42. Qb3 Nc5 43. Qb5 Nxa4 44. Qxa5 Bxa5 45. Kf3 f5 46. g4 Kf6
47. gxf5 Kxf5 48. e4+ Ke5 49. h5 gxh5 50. Kg3 Kxe4 51. f3+ Kf5 52. Kh4 Bd2 53.
Kxh5 Nb6 54. Kh4 Nc4 55. Kh5 Nd6 56. Kh4 Nb5 57. Kh5 Nd4 58. Kh4 Nxf3+ 59. Kh5
Nd4 60. Kh4 Kg6 61. Kh3 h5 62. Kh4 Ba5 63. Kh3 Bb6 64. Kg3 Kg5 65. Kh3 h4 66.
Kh2 Kg4 67. Kg2 Bc7 68. Kh1 Nf5 69. Kg2 h3+ 70. Kh1 Kf3 71. Kg1 Nd4 72. Kh1 Nb3
73. Kg1 Nc1 74. Kh1 Nd3 75. Kg1 h2+ 76. Kh1 Nf2# {White checkmated} 0-1

[Event "Team 45 45 League T64"]
[Site "Internet Chess Club"]
[Date "2015.04.09"]
[Round "6"]
[White "lilith"]
[Black "pokerram"]
[Result "1-0"]
[WhiteElo "1681"]
[BlackElo "1753"]
[Opening "King's Indian: London system"]
[ECO "A48"]
[Time "19:00:51"]
[TimeControl "2700+45"]

1. d4 Nf6 2. Nf3 g6 3. Bf4 Bg7 4. Nbd2 d6 5. e4 Nh5 6. Be3 Bg4 7. h3 Bxf3 8.
Qxf3 Nc6 9. Bc4 O-O 10. c3 Na5 11. Bd3 b6 12. O-O e5 13. Rac1 Nc6 14. Nb3 Ne7
15. c4 c5 16. d5 h6 17. Qe2 Nf4 18. Qd2 Nxd3 19. Qxd3 f5 20. f3 f4 21. Bf2 g5
22. h4 Qe8 23. g4 fxg3 24. Bxg3 Ng6 25. hxg5 hxg5 26. Rc2 Nf4 27. Bxf4 Rxf4 28.
Kf2 g4 29. Ke1 g3 30. Rg2 Qh5 31. Rxg3 Qh4 32. Rg1 Raf8 33. Kd1 R8f7 34. Qf1 Qf6
35. Qh3 Qd8 36. Rh1 Kf8 37. Nd2 Bf6 38. Rhg1 Ke8 39. Qe6+ Be7 40. Rg8+ Rf8 41.
R8g7 R4f6 42. Qh3 Qd7 43. Qh5+ Kd8 44. b3 Qe8 45. Qh3 Qd7 46. Qf1 R6f7 47. Rxf7
Rxf7 48. Rg8+ Kc7 49. Qh1 Bd8 50. Kc2 a6 51. Qh6 Rh7 52. Qe3 Rf7 53. Qc3 Kb7 54.
a3 Bh4 55. Qe3 Rg7 56. Rxg7 Qxg7 57. f4 exf4 58. Qxf4 Qe7 59. Nf1 Bf6 60. Ne3
Be5 61. Qf5 Qg7 62. Ng4 Bb2 63. a4 Qc3+ 64. Kd1 Qc1+ 65. Ke2 Qc2+ 66. Kf1 Qd3+
67. Kg2 Qc2+ 68. Kg3 Qxb3+ 69. Kh4 Qxa4 70. Qf7+ Kc8 71. Qe6+ Kc7 72. e5 Qd7 73.
Qxd7+ Kxd7 74. e6+ Ke7 75. Nh6 Bf6+ 76. Kg4 a5 77. Ng8+ Kf8 78. Nxf6 a4 79. Ne4
{Black resigns} 1-0

[Event "Team 45 45 League T64"]
[Site "Internet Chess Club"]
[Date "2015.04.12"]
[Round "6"]
[White "KidRattler"]
[Black "ShadowKing"]
[Result "1/2-1/2"]
[WhiteElo "1485"]
[BlackElo "1340"]
[Opening "English opening"]
[ECO "A22"]
[Time "18:59:24"]
[TimeControl "2700+45"]

1. c4 e5 2. Nc3 Nf6 3. e3 Nc6 4. g3 Be7 5. Nge2 d6 6. a3 Be6 7. b3 O-O 8. Bg2 d5
9. d3 d4 10. Ne4 Nxe4 11. Bxe4 Qd7 12. Bb2 Rfd8 13. Bxc6 Qxc6 14. e4 b5 15. f4
bxc4 16. fxe5 cxb3 17. Nxd4 Qb6 18. Nxe6 Qxe6 {Game drawn by mutual agreement}
1/2-1/2

[Event "Team 45 45 League T64"]
[Site "Internet Chess Club"]
[Date "2015.04.12"]
[Round "6"]
[White "mkoga"]
[Black "Just-Jim"]
[Result "1-0"]
[WhiteElo "1442"]
[BlackElo "1339"]
[Opening "Philidor's defense"]
[ECO "C41"]
[Time "18:30:28"]
[TimeControl "2700+45"]

1. e4 d6 2. Nf3 e5 3. Bc4 Be6 4. Bxe6 fxe6 5. d3 Nf6 6. Nc3 Be7 7. Ng5 O-O 8.
Nxe6 Qd7 9. Nxf8 Bxf8 10. Nd5 Nxd5 11. exd5 Qb5 12. c4 Qb4+ 13. Qd2 Qc5 14. b4
Qd4 15. Bb2 Qg4 16. O-O Nd7 17. c5 Nf6 18. a4 Nxd5 19. Rfe1 Nf4 20. f3 Qg5 21.
Kh1 Rd8 22. g3 Nh3 23. f4 exf4 24. gxf4 Qd5+ 25. Qg2 Qxg2+ 26. Kxg2 Nxf4+ 27.
Kf3 Nxd3 28. Re2 Nxb4 29. cxd6 Bxd6 30. Rd1 Rf8+ 31. Kg2 Nc6 32. Rde1 Kf7 33.
Rf1+ Kg8 34. Rxf8+ Kxf8 35. Rf2+ Kg8 36. h4 Ne7 37. Kh3 Ng6 38. Kg4 h6 39. h5
Ne7 40. Rf3 Nd5 41. Kf5 Ne7+ 42. Ke6 Nc6 43. Rf7 Be5 44. Bxe5 Nxe5 45. Rxc7 Nd3
46. Kf5 a6 47. Rxb7 Nc5 48. Ra7 Nxa4 49. Kg6 Nc5 50. Ra8# {Black checkmated} 1-0

[Event "Team 45 45 League T64"]
[Site "Internet Chess Club"]
[Date "2015.04.11"]
[Round "6"]
[White "clarinetref"]
[Black "anishio"]
[Result "1/2-1/2"]
[WhiteElo "1575"]
[BlackElo "1631"]
[Opening "Ruy Lopez: Anderssen variation"]
[ECO "C77"]
[Time "20:35:54"]
[TimeControl "2700+45"]

1. e4 e5 2. Nf3 Nc6 3. Bb5 a6 4. Ba4 Nf6 5. d3 d6 6. h3 b5 7. Bb3 h6 8. c3 Qd7
9. O-O Bb7 10. Be3 Ne7 11. Nbd2 Ng6 12. Bc2 d5 13. d4 exd4 14. cxd4 dxe4 15. Ne5
Qe6 16. Nxg6 fxg6 17. Re1 O-O-O 18. Bb3 Qd6 19. a4 c6 20. Nxe4 Nxe4 21. Qg4+ Kb8
22. Qxe4 c5 23. Qe5 Qxe5 24. dxe5 c4 25. Bc2 Bb4 26. Red1 g5 27. axb5 axb5 28.
Bf5 Rxd1+ 29. Rxd1 Re8 30. Bd4 Bc8 31. Be4 Bb7 32. Bg6 Re7 33. Bf5 Bc8 34. g4 h5
35. Ra1 g6 36. Be4 hxg4 37. Ra8+ Kc7 38. Ra7+ Kb8 39. Ra8+ Kc7 40. hxg4 Bxg4 41.
Bxg6 Bf3 42. Ra7+ Kb8 43. Ra6 Kc7 44. Rf6 Bc6 45. Kh2 Bd2 46. Rf7 Rxf7 47. Bxf7
Bb4 48. Kg3 Be7 49. Kg4 Be4 50. Be3 Bd3 51. Bxg5 Kd7 52. e6+ Kd8 53. f4 Bxg5 54.
fxg5 Ke7 55. Kf4 b4 56. Ke3 Bf5 57. Kd4 c3 58. bxc3 bxc3 59. Kxc3 Bxe6 60. Bg6
Bf7 61. Bh7 Ke6 62. Kd4 Be8 63. Ke4 Kf7 64. Ke5 Kg7 65. Bf5 Bg6 66. Bg4 Bf7 67.
Bf5 Bg6 68. Be6 Bf7 69. Bxf7 Kxf7 70. Kf5 Kg7 71. g6 Kg8 72. Kg5 Kg7 73. Kh5 Kg8
74. Kh6 Kh8 {Game drawn by mutual agreement} 1/2-1/2

[Event "Team 45 45 League T64"]
[Site "Internet Chess Club"]
[Date "2015.04.12"]
[Round "6"]
[White "FosterChess"]
[Black "kutch"]
[Result "0-1"]
[WhiteElo "1458"]
[BlackElo "1566"]
[Opening "Ruy Lopez: 5.O-O"]
[ECO "C78"]
[Time "13:01:08"]
[TimeControl "2700+45"]

1. e4 e5 2. Nf3 Nc6 3. Bb5 a6 4. Ba4 Nf6 5. O-O b5 6. Bb3 Bc5 7. a4 Bb7 8. axb5
axb5 9. Rxa8 Bxa8 10. Ng5 O-O 11. d3 h6 12. Nf3 d6 13. Nh4 Kh8 14. Nf5 Nd4 15.
Nxd4 Bxd4 16. Qf3 Qd7 17. c3 Ba7 18. Nd2 Nh7 19. Qh5 f5 20. Qg6 fxe4 21. Nxe4
Qf5 22. Qxf5 Rxf5 23. Be6 Rf8 24. Be3 Bxe4 25. dxe4 Bxe3 26. fxe3 Rxf1+ 27. Kxf1
Nf6 28. Bd5 g5 29. h3 Kg7 30. g4 Kf8 31. Kf2 Ke7 32. Ke2 Kd7 33. Kd2 c6 34. Ba2
Nxe4+ 35. Kd3 Nf2+ 36. Ke2 Ne4 37. Kf3 Nf6 38. b3 Nd5 39. c4 Nc3 {White resigns}
0-1

[Event "Team 45 45 League T64"]
[Site "Internet Chess Club"]
[Date "2015.04.12"]
[Round "6"]
[White "Aquaman"]
[Black "browndeer"]
[Result "1-0"]
[WhiteElo "1362"]
[BlackElo "1561"]
[Opening "Réti: King's Indian attack"]
[ECO "A05"]
[Time "15:00:29"]
[TimeControl "2700+45"]

1. Nf3 Nf6 2. g3 g6 3. Bg2 Nc6 4. O-O Bg7 5. d3 d5 6. Nbd2 O-O 7. e4 dxe4 8.
dxe4 Be6 9. h3 Qd7 10. Ng5 h6 11. Nxe6 Qxe6 12. Re1 Qd7 13. c3 Rad8 14. Qc2 Ne5
15. Nb3 Nd3 16. Rd1 Nb4 17. Rxd7 Nxc2 18. Rxd8 Rxd8 19. Rb1 Rd1+ 20. Kh2 Ne1 21.
f3 h5 22. e5 Nd7 23. f4 b6 24. Bf1 a5 25. Be2 Rd5 26. a4 Nd3 27. Bf3 Nxf4 28.
Bxf4 Rxe5 29. Bxe5 Nxe5 30. Kg2 Kh7 31. Nd4 Nd7 32. Rd1 Nc5 33. Rd2 Nxa4 34. Bd5
Bh6 35. Re2 e6 36. Bb3 Nc5 37. Bc2 Kg7 38. h4 Nd7 39. Nb5 c6 40. Nd4 c5 41. Nf3
Kf6 42. Kh3 Kg7 43. Ba4 Nf6 44. Ne5 Nd5 45. c4 Ne7 46. Nd7 Nc8 47. Ne5 Nd6 48.
b3 Kh7 49. Nd7 Nc8 50. Nf6+ Kg7 51. Ne4 Ne7 52. Nf2 Nf5 53. Ne4 Ne7 54. Rf2 Be3
55. Re2 Bd4 56. Nd6 Kg8 57. Be8 f6 58. Bf7+ Kf8 59. Bxe6 Be5 60. Nc8 Nc6 61. Bd5
Nd4 62. Rb2 Nf3 63. Rb1 Nd4 64. Nxb6 Bc7 65. Nd7+ Ke7 66. Nxc5 Kd6 67. Nd3 Ke7
68. Nf4 Bxf4 69. gxf4 Kd6 70. Kg3 Nf5+ 71. Kh3 Kc5 72. Bf7 Kb6 73. Bxg6 Ng7 74.
Rd1 Ne6 75. Rd6+ {Black resigns} 1-0

[Event "Team 45 45 League T64"]
[Site "Internet Chess Club"]
[Date "2015.04.12"]
[Round "6"]
[White "chessfunblast"]
[Black "medsurg"]
[Result "0-1"]
[WhiteElo "1410"]
[BlackElo "1433"]
[Opening "Ruy Lopez: four knights (Tarrasch) variation"]
[ECO "C77"]
[Time "22:07:52"]
[TimeControl "2700+45"]

1. e4 Nc6 2. Nf3 e5 3. Bb5 a6 4. Ba4 Nf6 5. Nc3 Bc5 6. h3 d6 7. O-O O-O 8. d3 h6
9. Bb3 Ne7 10. Bd2 c6 11. Qc1 Kh7 12. Ne2 Nh5 13. Be3 Bxe3 14. Qxe3 Ng6 15. g4
Nhf4 16. Nxf4 Nxf4 17. d4 Nxh3+ 18. Kg2 Nf4+ 19. Kg1 Bxg4 20. dxe5 dxe5 21. Nxe5
Qg5 22. Nxg4 Qxg4+ 23. Qg3 Ne2+ 24. Kg2 Nxg3 25. fxg3 Qxe4+ 26. Kg1 Rad8 27.
Rac1 Qe3+ 28. Kh1 Rd2 29. Rce1 Qxg3 {White resigns} 0-1

[Event "Team 45 45 League T64"]
[Site "Internet Chess Club"]
[Date "2015.04.09"]
[Round "6"]
[White "craftsman49868"]
[Black "moodle"]
[Result "1-0"]
[WhiteElo "1706"]
[BlackElo "1630"]
[Opening "Colle system"]
[ECO "D05"]
[Time "20:00:47"]
[TimeControl "2700+45"]

1. d4 d5 2. e3 Nf6 3. Nf3 e6 4. Bd3 c5 5. c3 c4 6. Bc2 Nc6 7. Nbd2 Bd6 8. e4 Bc7
9. O-O O-O 10. e5 Nd7 11. Nxc4 dxc4 12. Bxh7+ Kh8 13. Ng5 g6 14. Bxg6 fxg6 15.
Nxe6 Qe7 16. Nxc7 Nb6 17. Nxa8 Nxa8 18. Bh6 Rf7 19. e6 Rh7 20. Bg5 Qxg5 21. d5
Qh4 22. h3 Ne5 23. f4 Nd3 24. Qa4 Qe7 25. Qxc4 Nc5 26. b4 b6 27. bxc5 bxc5 28.
f5 Nb6 29. f6 Nxc4 30. fxe7 Rxe7 31. Rf8+ Kg7 32. Rxc8 Nb6 33. Rxc5 Kh6 34. Re1
Re8 35. d6 {Black resigns} 1-0

[Event "Team 45 45 League T64"]
[Site "Internet Chess Club"]
[Date "2015.04.12"]
[Round "6"]
[White "frank001"]
[Black "room-matt"]
[Result "0-1"]
[WhiteElo "1798"]
[BlackElo "1898"]
[Opening "Scotch: Steinitz variation"]
[ECO "C45"]
[Time "01:51:05"]
[TimeControl "2700+45"]

1. e4 e5 2. Nf3 Nc6 3. d4 exd4 4. Nxd4 Qh4 5. Nc3 Bb4 6. Be2 Qxe4 7. Nb5 Bxc3+
8. bxc3 Kd8 9. O-O d6 10. Re1 Nf6 11. c4 a6 12. Bf3 Qxc4 13. Nxd6 cxd6 14. Qxd6+
Bd7 15. Bf4 Ne8 16. Qd2 Qd4 17. Qc1 Rc8 18. Rb1 b6 19. Rb3 Na5 20. Rd3 Qc5 21.
Qd2 Qb5 22. Rd1 Nf6 23. Bg5 Rc7 24. Bg4 Kc8 25. Bxf6 Bxg4 26. Bxg7 Rg8 27. Rd8+
Rxd8 28. Qxd8+ Kb7 29. f3 Be6 30. h3 Rxc2 31. Qe7+ Rc7 32. Qh4 Qe2 33. Re1 Qxa2
34. Qxh7 Nc4 35. Qe4+ Ka7 36. Rd1 Qb3 37. Rd8 Qe3+ {White resigns} 0-1

[Event "Team 45 45 League T64"]
[Site "Internet Chess Club"]
[Date "2015.04.11"]
[Round "6"]
[White "isolani"]
[Black "julesraider"]
[Result "1-0"]
[WhiteElo "1550"]
[BlackElo "1506"]
[Opening "King's Indian: Petrosian system"]
[ECO "E92"]
[Time "17:00:39"]
[TimeControl "2700+45"]

1. d4 Nf6 2. Nf3 g6 3. c4 Bg7 4. Nc3 O-O 5. e4 d6 6. Be2 e5 7. d5 c6 8. O-O cxd5
9. cxd5 Nbd7 10. Be3 Ne8 11. Nd2 f5 12. f3 Nef6 13. Rc1 b6 14. b4 f4 15. Bf2 g5
16. Nb5 Nb8 17. Nc7 Bb7 18. Ne6 Qe8 19. Nxf8 Bxf8 20. Rc7 Bc8 21. Qc2 Na6 22.
Bxa6 Bxa6 23. Rc1 g4 24. a4 b5 25. a5 h5 26. Rxa7 g3 27. hxg3 fxg3 28. Bb6 Rc8
29. Rc7 Rb8 30. Nf1 h4 31. Qd2 Qg6 32. Be3 Ne8 33. R7c6 Ra8 34. Qc3 Bh6 35. Qxe5
Bxe3+ 36. Nxe3 Qh6 37. Qe6+ Qxe6 38. dxe6 Kf8 39. Nf5 h3 40. gxh3 Bb7 41. Rb6
Bc8 42. Nxd6 Bxe6 43. Nxe8 Rxe8 44. Kg2 Bc4 45. Rd1 Ke7 46. Rdd6 Rg8 47. a6 Ra8
48. Rh6 Bf7 49. Rh7 Kf8 50. Kxg3 Kg8 51. Rbh6 Kf8 52. Rf6 Ra7 53. Rhxf7+ Rxf7
54. Rxf7+ Kxf7 55. a7 {Black resigns} 1-0

[Event "Team 45 45 League T64"]
[Site "Internet Chess Club"]
[Date "2015.04.11"]
[Round "6"]
[White "Electryon"]
[Black "smsxman"]
[Result "1-0"]
[WhiteElo "1458"]
[BlackElo "1381"]
[Opening "English opening"]
[ECO "A13"]
[Time "22:00:58"]
[TimeControl "2700+45"]

1. c4 d5 2. g3 e6 3. Bg2 Nf6 4. Nf3 Nc6 5. b3 Bc5 6. O-O O-O 7. e3 d4 8. Ba3
Bxa3 9. Nxa3 dxe3 10. dxe3 a6 11. Nc2 Qe7 12. Nfd4 Bd7 13. Qe2 Rab8 14. Rad1 e5
15. Nxc6 Bxc6 16. Bxc6 bxc6 17. Qf3 c5 18. e4 g6 19. Ne3 Rfd8 20. Nd5 Nxd5 21.
exd5 Rb6 22. Rfe1 Rf6 23. Qe4 Rf5 24. f4 Re8 25. fxe5 Rxe5 26. Qxe5 Qxe5 27.
Rxe5 Rxe5 28. d6 cxd6 29. Rxd6 Re6 30. Rd8+ Kg7 31. Ra8 Re1+ 32. Kf2 Rh1 33. Kg2
Rc1 34. Rxa6 f6 35. Kf3 Rf1+ 36. Kg2 Re1 37. h3 h5 38. h4 g5 39. hxg5 fxg5 40.
Kf2 Re5 41. Ra5 Kf6 42. a3 Kf5 43. b4 Ke4 44. Rxc5 Re8 45. Rxg5 Ra8 46. Ra5 Rb8
47. Rxh5 Kd4 48. Rc5 Kc3 49. Rc7 Kb3 50. c5 Kxa3 51. c6 Rb6 52. b5 Rxb5 53. Ra7+
Kb4 54. Rb7 Kc5 55. Rxb5+ Kxc6 {Black resigns} 1-0

[Event "Team 45 45 League T64"]
[Site "Internet Chess Club"]
[Date "2015.04.10"]
[Round "6"]
[White "Skeptic1972"]
[Black "otherook"]
[Result "0-1"]
[WhiteElo "1467"]
[BlackElo "1730"]
[Opening "Scandinavian (center counter) defense"]
[ECO "B01"]
[Time "14:01:06"]
[TimeControl "2700+45"]

1. e4 d5 2. exd5 Qxd5 3. Nc3 Qa5 4. Nf3 Nf6 5. d4 c6 6. Bc4 Bf5 7. O-O e6 8. Bd2
Qc7 9. Rc1 Bd6 10. Qe2 O-O 11. h3 Nbd7 12. Nh4 Bg6 13. Nxg6 hxg6 14. Ne4 Bh2+
15. Kh1 Bf4 16. c3 Nxe4 {White resigns} 0-1

[Event "Team 45 45 League T64"]
[Site "Internet Chess Club"]
[Date "2015.04.12"]
[Round "6"]
[White "Jyzzslynggur"]
[Black "fireball"]
[Result "1-0"]
[WhiteElo "1733"]
[BlackElo "1595"]
[Opening "French: exchange variation"]
[ECO "C01"]
[Time "23:05:39"]
[TimeControl "2700+45"]

1. e4 e6 2. d4 d5 3. exd5 exd5 4. Bd3 Nf6 5. Nf3 Be7 6. c4 dxc4 7. Bxc4 Bb4+ 8.
Nc3 Qe7+ 9. Be3 Ng4 10. Qd3 O-O 11. O-O Nxe3 12. fxe3 c6 13. Ne4 Nd7 14. Nfg5 g6
15. Rxf7 Rxf7 16. Rf1 Ne5 17. dxe5 Bf5 18. Nf6+ Kf8 19. e4 Rxf6 20. exf6 Qxf6
21. Nxh7+ Kg7 22. Nxf6 Kxf6 23. exf5 Bc5+ 24. Kh1 g5 25. Qc3+ Ke7 26. Qe5+
{Black resigns} 1-0

[Event "Team 45 45 League T64"]
[Site "Internet Chess Club"]
[Date "2015.04.11"]
[Round "6"]
[White "nidusin2"]
[Black "OzymandiasVII"]
[Result "0-1"]
[WhiteElo "1589"]
[BlackElo "1689"]
[Opening "QGD Slav"]
[ECO "D02"]
[Time "22:15:34"]
[TimeControl "2700+45"]

1. d4 d5 2. Nf3 Nf6 3. c4 e6 4. e3 c6 5. Nbd2 Bd6 6. Bd3 Nbd7 7. O-O O-O 8. e4
dxe4 9. Nxe4 Nxe4 10. Bxe4 Nf6 11. Bd3 h6 12. Qc2 Nh5 13. Ne5 Qh4 14. Be3 Qf6
15. f4 Qd8 16. g4 Nf6 17. g5 hxg5 18. fxg5 Bxe5 19. dxe5 Ng4 20. Bf4 Qd4+ 21.
Kg2 Nxe5 22. Rad1 Nxd3 23. Rxd3 Qe4+ 24. Kg1 e5 25. Bg3 Bf5 26. Rff3 Rad8 27.
Qf2 Rxd3 28. Rxd3 Qxd3 29. Bxe5 Rd8 {White resigns} 0-1

[Event "Team 45 45 League T64"]
[Site "Internet Chess Club"]
[Date "2015.04.12"]
[Round "6"]
[White "kingphisch"]
[Black "Insan996"]
[Result "1/2-1/2"]
[WhiteElo "1524"]
[BlackElo "1582"]
[Opening "Caro-Kann: Panov-Botvinnik attack, 5...e6"]
[ECO "B14"]
[Time "13:05:05"]
[TimeControl "2700+45"]

1. e4 c6 2. d4 d5 3. exd5 cxd5 4. c4 Nf6 5. Nc3 e6 6. Nf3 Be7 7. cxd5 exd5 8.
Bd3 O-O 9. O-O Bg4 10. h3 Bh5 11. Be2 Re8 12. Re1 Nc6 13. Be3 Rc8 14. a3 Na5 15.
Ne5 Bxe2 16. Rxe2 h6 17. Rc1 Qb6 18. b4 Nc4 19. Nxc4 Rxc4 20. Nxd5 Rxc1 21.
Nxe7+ Rxe7 22. Qxc1 Rc7 23. Rc2 Rxc2 24. Qxc2 Qa6 25. Qc8+ Kh7 26. Qf5+ Kg8 27.
Qc8+ Kh7 28. Qf5+ Kg8 29. Qc8+ {Game drawn by repetition} 1/2-1/2

[Event "Team 45 45 League T64"]
[Site "Internet Chess Club"]
[Date "2015.04.09"]
[Round "6"]
[White "TillyChess"]
[Black "jjimalo"]
[Result "1-0"]
[WhiteElo "2089"]
[BlackElo "1904"]
[Opening "Sicilian: Grand Prix attack"]
[ECO "B23"]
[Time "14:10:20"]
[TimeControl "2700+45"]

1. e4 c5 2. Nc3 Nc6 3. f4 e6 4. Nf3 d5 5. Bb5 a6 6. Bxc6+ bxc6 7. d3 Nf6 8. e5
Nd7 9. O-O Be7 10. Qe1 O-O 11. Qg3 Nb6 12. b3 a5 13. a4 Nd7 14. f5 Kh8 15. fxe6
fxe6 16. Bd2 Qe8 17. Ng5 Bd8 18. Rxf8+ Nxf8 19. Rf1 Ra7 20. Qf2 Kg8 21. Qxc5 Rb7
22. Qf2 h6 23. Nf3 c5 24. Nb5 Qe7 25. Nd6 Rb8 26. Qe1 Qa7 27. Kh1 Bd7 28. Qg3
Kh7 29. Qh3 Bc6 30. Bxh6 gxh6 31. Nf7 Qxf7 32. Ng5+ Bxg5 33. Rxf7+ Kg8 34. Rc7
Be8 35. Rxc5 Rb7 36. g3 Rf7 37. Qg4 Kh7 38. Rxa5 Be3 39. Qe2 d4 40. Rc5 Rf2 41.
Rc7+ Kh8 42. Qxf2 Bxf2 43. Rc8 {Black resigns} 1-0